Map: Rhoskallian LE

Players

Massa

  • Race: Terran Terran
  • League: Platinum
  • Spawn Location: 5:00

qqq

  • Race: Zerg Zerg
  • League: Platinum
  • Spawn Location: 6:00

MicroBolton - Winner!

  • Race: Protoss Protoss
  • Spawn Location: 12:00

MicroBuble - Winner!

  • Race: Protoss Protoss
  • Spawn Location: 11:00

VOD

Have the link to the VOD?

Description

Time

  • Played on: Dec. 23, 2020, 12:35 p.m.
  • Length: 13:16
Show
View Real Time Build Order
Export as new Build Order

Massa Terran 

Build Orders:  

Get SALT Encoding   

  12  0:00  SCV  
  13  0:12  SCV  
  14  0:19  Supply Depot  
  14  0:25  SCV  
  15  0:35  Refinery  
  15  0:40  SCV  
  16  0:52  SCV  
  16  0:55  Barracks  
  17  1:04  SCV  
  18  1:16  SCV  
  19  1:20  Barracks  
  19  1:29  SCV  
  20  1:41  SCV  
  21  1:49  Barracks Tech Lab  
  21  2:08  Marauder  
  23  2:09  Concussive Shells  
  23  2:31  Orbital Command  
  22  2:54  Supply Depot  
  22  2:58  Supply Depot  
  22  3:04  SCV, Barracks  
  21  3:17  SCV  
  22  3:20  Command Center  
  22  3:23  Bunker  
  22  3:43  Barracks  
  22  3:54  Marine  
  23  3:58  Barracks  
  23  3:59  SCV  
  23  4:00  Factory  
  24  4:03  Barracks  
  24  4:11  SCV  
  24  4:12  Marine  
  26  4:23  SCV  
  26  4:24  Supply Depot  
  27  4:30  Marine x2  
  29  4:38  Orbital Command  
  29  4:40  SCV  
  30  4:46  Factory Tech Lab, Barracks Tech Lab  
  30  4:52  SCV  
  31  4:57  Starport, Marine x3  
  34  5:02  Starport  
  34  5:04  SCV  
  35  5:10  Stimpack  
  35  5:15  Marine  
  35  5:16  Barracks Tech Lab, SCV  
  35  5:17  Barracks Tech Lab  
  37  5:22  Widow Mine  
  37  5:26  Refinery, SCV  
  37  5:27  Refinery  
  40  5:28  SCV  
  41  5:36  Armory  
  41  5:39  SCV  
  41  5:41  Refinery  
  42  5:45  Marine x4  
  46  5:56  Medivac  
  48  6:02  Marine  
  49  6:07  Medivac  
  49  6:08  SCV x2  
  53  6:14  Engineering Bay  
  53  6:20  SCV x2, Combat Shield  
  53  6:23  Widow Mine  
  57  6:32  SCV x2  
  59  6:41  Marine  
  59  6:42  Marauder  
  62  6:53  Supply Depot  
  62  6:54  Supply Depot  
  62  6:55  Starport Tech Lab, Starport Reactor, Supply Depot  
  62  6:56  Supply Depot  
  62  7:14  Marine, Siege Tank  
  62  7:15  Marauder x2  
  70  7:16  Marauder  
  70  7:17  Supply Depot  
  70  7:18  Missile Turret  
  70  7:20  Supply Depot  
  70  7:21  Supply Depot  
  72  7:23  Supply Depot  
  72  7:26  Missile Turret  
  72  7:29  Medivac  
  74  7:32  Marine  
  74  7:36  Marauder, Marine  
  78  7:37  Marauder  
  67  8:14  Marauder  
  67  8:15  Marauder x2  
  67  8:18  Barracks Reactor  
  68  8:26  SCV x2  
  70  8:36  Marauder x2  
  70  8:37  Command Center  
  70  8:38  SCV, Medivac x2  
  70  8:39  SCV, Medivac  
  70  8:41  Marauder  
  84  8:42  Barracks  
  84  8:46  Terran Infantry Weapons Level 1  
  84  8:52  Engineering Bay  
  84  8:54  Terran Vehicle Weapons Level 1  
  84  8:58  Marauder  
  84  9:00  SCV  
  87  9:07  Marauder  
  87  9:08  Marauder  
  91  9:14  Marine  
  91  9:16  Marine  
  93  9:20  Marauder  
  93  9:23  Siege Tank  
  98  9:28  Marauder  
  98  9:29  Marine  
  98  9:30  Terran Infantry Armor Level 1  
  101  9:32  Marine  
  101  9:35  SCV x2  
  104  9:41  Marauder  
  104  9:45  Barracks Tech Lab  
  106  9:46  Marine  
  106  9:47  SCV x2  
  106  9:48  Marauder  
  106  9:50  Marauder, Marine  
  106  9:51  Planetary Fortress  
  114  9:59  SCV x2  
  116  10:01  Smart Servos  
  116  10:03  Marauder, Siege Tank  
  116  10:04  Marine  
  124  10:07  Marauder  
  124  10:08  Marine  
  124  10:09  Marauder  
  124  10:11  Marauder  
  129  10:14  SCV x2  
  131  10:22  Marine  
  131  10:24  Marauder  
  131  10:26  SCV x2, Marine  
  139  10:28  Marauder  
  139  10:30  Marauder  
  140  10:38  SCV  
  140  10:39  Marauder  
  140  10:40  Marine  
  138  10:43  Marine  
  138  10:45  Marauder  
  138  10:48  Terran Vehicle And Ship Armor Level 1  
  129  10:50  Marauder  
  104  11:02  Marauder x2, Marine x2  
  108  11:07  Marauder  
  112  11:11  Marauder  
  98  11:23  Marauder x2  
  102  11:28  Marauder  
  100  11:32  Marauder  
  100  11:35  Siege Tank  
  102  11:42  Marine x2  
  102  11:44  Marauder  
  102  11:45  Marauder  
  102  11:47  Ghost Academy  
  108  11:49  Marauder  
  93  11:54  Marauder  
  93  12:00  Marine  
  87  12:06  Marauder x2  
  87  12:07  Siege Tank  
  84  12:11  Marauder, Marine  
  84  12:15  Marauder  
  80  12:26  Marine  
  80  12:27  Marauder  
  80  12:28  Marauder, Marine, Medivac x2  
  80  12:29  Medivac  
  92  12:32  Marauder  
  93  12:39  Siege Tank  
  93  12:43  Marine  
  77  12:46  Marine  
  77  12:48  Marine  
  78  12:55  Marine x2  
Show
View Real Time Build Order
Export as new Build Order

qqq Zerg 

Build Orders: Hatch First, Brood Lord Corruptor 

Get SALT Encoding   

  12  0:01  Drone  
  13  0:08  Drone  
  14  0:18  Overlord  
  14  0:48  Drone  
  15  0:52  Hatchery  
  14  0:57  Drone x2  
  16  1:07  Drone  
  17  1:22  Drone  
  17  1:25  Extractor  
  17  1:26  Drone  
  17  1:27  Spawning Pool  
  17  1:35  Drone  
  18  1:47  Drone  
  19  2:00  Drone  
  20  2:09  Drone  
  20  2:10  Drone  
  20  2:14  Queen  
  24  2:16  Queen  
  24  2:18  Drone  
  24  2:21  Zergling x2  
  28  2:28  Metabolic Boost  
  28  2:33  Overlord  
  28  2:35  Overlord  
  28  2:51  Zergling x4  
  28  2:55  Zergling x4  
  28  2:58  Zergling x2  
  33  3:06  Zergling x2  
  33  3:09  Zergling x2  
  35  3:18  Drone  
  35  3:19  Zergling x2  
  37  3:24  Zergling x2  
  37  3:25  Zergling x2  
  39  3:27  Zergling x2  
  40  3:34  Zergling x4  
  42  3:45  Zergling x4  
  44  3:49  Hatchery  
  44  3:51  Zergling x2  
  44  3:52  Overlord  
  44  3:53  Overlord  
  44  4:05  Zergling x2  
  44  4:07  Overlord  
  44  4:10  Lair  
  44  4:15  Zergling x2  
  45  4:22  Zergling x4  
  45  4:23  Zergling x2  
  46  4:46  Drone x3  
  46  4:47  Drone  
  46  4:48  Drone x4  
  46  4:50  Extractor  
  46  4:51  Drone x2  
  55  5:03  Overlord  
  55  5:05  Drone x3  
  58  5:19  Extractor  
  57  5:24  Drone x2  
  59  5:30  Queen  
  61  5:41  Spire  
  61  5:42  Overseer  
  60  5:44  Pneumatized Carapace  
  60  5:45  Hatchery  
  60  5:47  Zergling x2  
  60  5:48  Drone  
  61  5:50  Drone  
  61  5:53  Drone  
  61  5:54  Drone  
  64  5:57  Drone  
  64  5:58  Drone  
  64  6:00  Drone  
  67  6:06  Overlord  
  67  6:08  Drone x2  
  67  6:10  Drone  
  70  6:19  Spore Crawler  
  70  6:22  Spore Crawler  
  68  6:26  Drone x2  
  68  6:27  Extractor  
  69  6:38  Overlord x2  
  69  6:39  Drone x3  
  73  6:40  Drone  
  73  6:41  Spore Crawler  
  73  6:43  Spine Crawler  
  73  6:46  Drone  
  72  6:58  Infestation Pit  
  72  7:00  Corruptor x3  
  77  7:03  Drone  
  77  7:04  Drone  
  77  7:05  Drone  
  77  7:07  Drone  
  81  7:20  Drone x3  
  84  7:26  Corruptor x3  
  84  7:28  Drone  
  91  7:39  Queen  
  93  7:50  Hive  
  93  7:51  Zerg Flyer Weapons Level 1  
  93  7:56  Corruptor x3  
  93  7:58  Drone x4  
  102  7:59  Drone  
  102  8:01  Drone x2  
  102  8:05  Drone  
  107  8:08  Mutalisk  
  107  8:09  Mutalisk  
  106  8:25  Mutalisk  
  93  8:30  Spine Crawler  
  93  8:32  Spine Crawler  
  93  8:33  Spine Crawler  
  89  8:35  Spine Crawler  
  89  8:37  Spine Crawler  
  89  8:39  Drone x3  
  89  8:40  Drone x3, Spine Crawler  
  89  8:41  Spine Crawler  
  91  8:47  Mutalisk x2  
  95  8:50  Corruptor  
  95  8:52  Drone  
  98  8:56  Corruptor  
  98  8:59  Hatchery  
  99  9:21  Viper  
  99  9:23  Drone  
  103  9:24  Overlord x5  
  103  9:25  Overlord x4  
  103  9:31  Extractor  
  102  9:32  Extractor  
  101  9:51  Mutalisk  
  101  9:52  Mutalisk x3  
  107  9:55  Zergling x4  
  107  9:56  Drone x5  
  107  9:57  Drone  
  117  10:05  Extractor  
  117  10:06  Extractor  
  115  10:23  Corruptor x3  
  115  10:24  Corruptor  
  115  10:25  Hatchery  
  115  10:27  Hatchery, Zergling x8  
  125  10:28  Drone  
  125  10:29  Drone x4  
  115  11:06  Drone x3  
  115  11:07  Drone x6  
  115  11:11  Greater Spire  
  113  11:36  Corruptor x2  
  113  11:37  Corruptor x3  
  102  11:41  Drone x2, Zergling x4  
  102  11:42  Zergling x12  
  97  12:04  Corruptor x2  
  97  12:05  Corruptor x4  
  103  12:16  Zergling x2  
  103  12:17  Zergling x10  
  103  12:18  Zergling x4  
  108  12:23  Drone x3  
  111  12:31  Brood Lord x2  
  111  12:32  Brood Lord x4  
  111  12:35  Zergling x8  
  111  12:36  Drone  
  111  12:37  Drone x2  
  127  12:39  Extractor  
  127  12:40  Drone  
  127  12:47  Corruptor x2  
Show
View Real Time Build Order
Export as new Build Order

MicroBolton Protoss - Winner!

Build Orders:  

Get SALT Encoding   

  12  0:00  Probe  
  13  0:19  Probe  
  14  0:22  Pylon  
  14  0:31  Probe (Chrono Boost)  
  15  0:43  Probe (Chrono Boost)  
  16  0:52  Probe (Chrono Boost), Gateway  
  17  0:57  Probe  
  18  1:07  Assimilator  
  18  1:18  Gateway  
  18  1:19  Probe  
  19  1:32  Probe  
  20  1:39  Cybernetics Core  
  20  1:41  Pylon  
  20  1:50  Probe  
  20  1:53  Assimilator  
  21  2:02  Probe  
  22  2:15  Shield Battery  
  22  2:16  Stalker (Chrono Boost)  
  22  2:18  Stalker (Chrono Boost)  
  26  2:24  Assimilator  
  26  2:29  Warp Gate  
  26  2:34  Shield Battery  
  26  2:36  Pylon  
  26  2:43  Stalker  
  28  2:52  Probe  
  29  3:05  Probe  
  30  3:15  Nexus  
  30  3:21  Probe  
  31  3:40  Pylon  
  31  3:41  Probe  
  36  4:08  Assimilator  
  36  4:11  Pylon  
  32  4:19  Assimilator  
  32  4:24  Zealot x2  
  34  4:25  Gateway  
  34  4:28  Probe (Chrono Boost)  
  38  4:31  Probe (Chrono Boost)  
  38  4:37  Twilight Council  
  39  4:39  Probe (Chrono Boost)  
  39  4:40  Probe (Chrono Boost)  
  39  4:44  Probe (Chrono Boost)  
  39  4:45  Probe (Chrono Boost)  
  42  4:54  Shield Battery  
  42  4:55  Probe (Chrono Boost)  
  43  5:01  Stalker x2  
  48  5:07  Probe (Chrono Boost)  
  48  5:13  Probe (Chrono Boost)  
  50  5:15  Probe (Chrono Boost)  
  50  5:21  Probe (Chrono Boost)  
  50  5:26  Pylon  
  51  5:33  Probe (Chrono Boost)  
  51  5:34  Stargate  
  52  5:39  Probe (Chrono Boost)  
  52  5:41  Probe (Chrono Boost), Pylon  
  54  5:45  Pylon  
  54  5:47  Probe  
  55  5:51  Probe  
  56  5:59  Probe  
  56  6:03  Probe, Forge  
  58  6:10  Stargate, Sentry x2  
  62  6:12  Probe  
  63  6:24  Probe  
  64  6:27  Pylon  
  64  6:30  Phoenix (Chrono Boost)  
  66  6:38  Zealot x3  
  72  6:46  Phoenix (Chrono Boost)  
  72  6:51  Photon Cannon  
  74  6:56  Photon Cannon, Nexus  
  74  7:08  Phoenix (Chrono Boost)  
  78  7:16  Pylon  
  78  7:18  Phoenix (Chrono Boost)  
  78  7:22  Assimilator  
  78  7:24  Phoenix (Chrono Boost)  
  80  7:32  Photon Cannon  
  80  7:36  Phoenix  
  79  7:54  Zealot x3  
  79  8:33  Pylon, Fleet Beacon  
  79  8:35  Probe (Chrono Boost), Pylon  
  79  8:40  Protoss Shields Level 1, Pylon  
  82  8:42  Probe x2 (Chrono Boost)  
  82  8:44  Probe (Chrono Boost)  
  84  8:49  Probe x3 (Chrono Boost)  
  86  8:59  Stargate, Void Ray x2 (Chrono Boost)  
  86  9:01  Probe  
  87  9:03  Photon Cannon  
  87  9:04  Photon Cannon  
  95  9:16  Stargate  
  95  9:19  Pylon  
  95  9:20  Probe (Chrono Boost)  
  95  9:23  Probe (Chrono Boost)  
  95  9:24  Probe (Chrono Boost)  
  98  9:25  Pylon  
  98  9:27  Assimilator  
  99  9:31  Pylon  
  99  9:32  Probe (Chrono Boost)  
  99  9:35  Shield Battery  
  99  9:36  Probe x2 (Chrono Boost)  
  99  9:37  Probe (Chrono Boost)  
  106  9:39  Void Ray (Chrono Boost)  
  106  9:43  Void Ray (Chrono Boost)  
  106  9:44  Probe, Void Ray (Chrono Boost)  
  111  9:57  Flux Vanes  
  115  10:05  Probe x3  
  118  10:13  Shield Battery, Protoss Air Weapons Level 1 (Chrono Boost)  
  118  10:14  Shield Battery, Void Ray  
  118  10:16  Void Ray, Shield Battery  
  118  10:17  Probe x2  
  118  10:18  Pylon  
  124  10:52  Void Ray x3  
  124  10:53  Void Ray  
  135  11:11  Nexus  
  135  11:15  Pylon  
  135  11:16  Pylon  
  135  11:19  Zealot x2  
  135  11:20  Zealot  
  141  11:29  Void Ray  
  131  11:50  Void Ray x3  
  131  12:06  Void Ray  
  131  12:07  Stalker  
  131  12:08  Stalker x2  
  141  12:28  Cybernetics Core  
  137  12:48  Zealot x3  
  143  12:56  Shield Battery  
  143  12:57  Shield Battery  
  143  12:58  Shield Battery  
  143  13:00  Photon Cannon  
  143  13:01  Photon Cannon  
  143  13:03  Photon Cannon  
  143  13:05  Photon Cannon  
  155  13:11  Pylon  
  167  13:13  Assimilator  
Show
View Real Time Build Order
Export as new Build Order

MicroBuble Protoss - Winner!

Build Orders:  

Get SALT Encoding   

  12  0:01  Probe  
  13  0:13  Probe  
  14  0:19  Pylon  
  14  0:25  Probe  
  15  0:37  Probe (Chrono Boost)  
  16  0:43  Gateway  
  16  0:49  Assimilator  
  17  0:50  Probe (Chrono Boost)  
  17  0:58  Probe (Chrono Boost)  
  19  1:11  Probe  
  19  1:26  Gateway  
  19  1:34  Cybernetics Core  
  19  1:36  Zealot  
  21  2:00  Probe  
  21  2:13  Probe  
  22  2:25  Probe  
  22  2:26  Nexus  
  23  2:43  Pylon  
  23  2:51  Warp Gate  
  23  2:52  Pylon  
  23  3:01  Stalker x2  
  23  3:05  Shield Battery  
  27  3:12  Probe  
  28  3:15  Assimilator  
  28  3:23  Pylon  
  28  3:24  Probe  
  29  3:36  Probe  
  29  3:39  Probe  
  31  3:46  Stalker x2  
  35  3:48  Probe  
  35  3:51  Probe  
  37  4:00  Probe  
  38  4:03  Probe  
  39  4:14  Robotics Facility  
  39  4:21  Probe x2  
  41  4:26  Shield Battery  
  41  4:33  Probe  
  41  4:34  Probe  
  43  4:38  Twilight Council  
  43  4:41  Sentry  
  45  4:47  Sentry  
  47  4:53  Probe x2  
  47  4:59  Assimilator  
  49  5:03  Assimilator  
  49  5:05  Probe x2  
  50  5:10  Observer  
  51  5:15  Charge (Chrono Boost)  
  51  5:18  Forge  
  51  5:21  Pylon  
  51  5:24  Zealot x2  
  55  5:37  Observer  
  55  5:39  Phoenix  
  55  5:42  Gateway  
  56  5:43  Gateway  
  56  5:44  Pylon  
  56  5:47  Pylon  
  56  5:49  Zealot  
  58  5:50  Zealot  
  58  5:55  Protoss Ground Weapons Level 1  
  60  6:10  Zealot  
  60  6:11  Zealot  
  64  6:12  Probe x2  
  66  6:24  Probe x2  
  68  6:39  Zealot x4  
  76  6:53  Pylon  
  76  6:57  Pylon  
  76  6:58  Templar Archives  
  76  6:59  Pylon, Robotics Bay  
  76  7:01  Zealot x4  
  84  7:15  Nexus  
  84  7:17  Pylon  
  84  7:23  Pylon  
  84  7:35  High Templar x4  
  92  7:40  Psionic Storm  
  91  7:55  Gateway  
  91  7:57  Gateway  
  91  7:59  Pylon  
  91  8:01  Photon Cannon  
  91  8:05  Photon Cannon  
  91  8:08  Shield Battery  
  90  8:30  Probe x3  
  93  8:42  Probe x2, High Templar x2  
  93  8:46  Zealot x2  
  103  8:50  Zealot x2  
  103  8:54  Probe x2  
  103  8:55  Probe  
  110  8:57  Photon Cannon  
  110  8:58  Photon Cannon  
  110  9:05  Photon Cannon  
  110  9:07  Gravitic Boosters  
  110  9:11  Probe (Chrono Boost)  
  110  9:14  Probe (Chrono Boost)  
  110  9:15  Probe (Chrono Boost)  
  113  9:23  Probe (Chrono Boost)  
  113  9:24  Assimilator  
  116  9:27  Probe x2 (Chrono Boost), Assimilator  
  116  9:28  Probe (Chrono Boost)  
  116  9:29  Gateway  
  117  9:34  Gateway  
  117  9:35  Shield Battery  
  117  9:52  Probe x3  
  120  10:02  High Templar x5, Shield Battery  
  120  10:03  High Templar  
  120  10:04  Probe x2  
  120  10:05  Probe  
  120  10:06  Archon x2  
  135  10:07  Archon, Shield Battery  
  135  10:17  Blink  
  135  10:18  Robotics Facility  
  135  10:23  Pylon  
  135  10:25  Pylon  
  135  10:32  Observer  
  130  10:46  Nexus  
  114  10:53  Observer  
  93  11:04  Zealot x2  
  93  11:05  Zealot x6  
  109  11:14  Observer  
  101  11:24  Observer  
  93  11:36  Observer  
  90  11:40  Zealot x3  
  90  11:41  Zealot x5  
  100  11:57  Pylon  
  96  12:06  High Templar x2  
  96  12:07  High Templar x6  
  110  12:23  Pylon  
  110  12:26  Photon Cannon  
  110  12:27  Photon Cannon  
  110  12:29  Shield Battery  
  110  12:31  Assimilator  
  110  12:35  Assimilator  
  106  12:45  Zealot x5  
  106  12:47  Zealot x3  
  118  12:55  Pylon  
Tags
 
Add a new tag
Caveats
  • Supply blocks, unpowered buildings, or Contaminate may cause inaccurate times.
  • Supply counts are checked every 10 seconds.